Map: Winter's Gate LE

Players

Mez

  • Race: Terran Terran
  • League: Master
  • Spawn Location: 5:00

A.I. 1 (Very Easy) - Winner!

  • Race: Terran Terran
  • Spawn Location: 11:00

VOD

Have the link to the VOD?

Description

Time

  • Played on: Aug. 26, 2019, 10:31 p.m.
  • Length: 3:45
Show
View Real Time Build Order
Export as new Build Order

Mez Terran 

Build Orders: Gas First Reaper Expand 

Get SALT Encoding   

  12  0:03  SCV  
  13  0:15  SCV  
  13  0:19  Supply Depot  
  14  0:25  Supply Depot  
  14  0:27  SCV  
  15  0:31  Refinery  
  15  0:47  SCV  
  15  0:48  Barracks  
  16  0:59  SCV  
  17  1:16  SCV  
  19  1:36  Orbital Command, Reaper  
  19  1:51  Command Center  
  19  2:02  SCV, Supply Depot  
  20  2:34  SCV  
  21  2:49  Bunker  
  21  2:55  Bunker  
  21  3:12  Reaper  
  22  3:30  Bunker  
Show
View Real Time Build Order
Export as new Build Order

A.I. 1 (Very Easy) Terran - Winner!

Build Orders:  

Get SALT Encoding   

  12  0:00  SCV  
  13  0:13  SCV  
  14  0:18  Supply Depot  
  14  0:37  Refinery  
  14  0:44  Barracks  
  14  1:03  Supply Depot  
  14  1:12  Refinery  
  14  1:31  Marine  
  15  1:33  Orbital Command  
  15  1:49  Barracks Tech Lab  
  15  1:58  SCV  
  16  2:10  SCV  
  17  2:19  Marine  
  18  2:23  SCV  
  19  2:35  SCV  
  20  2:47  SCV  
  21  2:59  SCV  
  22  3:07  Marauder  
Tags
 
Add a new tag
Caveats
  • Supply blocks, unpowered buildings, or Contaminate may cause inaccurate times.
  • Supply counts are checked every 10 seconds.